 Dungeon Crawl Stone Soup version 0.30-a0-368-g86fb4627a9 (webtiles) character file.

Game seed: 6914763251611276441

566 Tocho the Slasher (level 7, -3/52 HPs)
             Began as a Human Fighter on Nov 20, 2022.
             Was a Follower of Kikubaaqudgha.
             Slain by an ice beast (14 damage)
             ... on level 5 of the Dungeon.
             The game lasted 00:05:37 (4595 turns).

Tocho the Slasher (Human Fighter)                   Turns: 4595, Time: 00:05:39

Health: -3/52      AC:  7    Str: 19    XL:     7   Next: 59%
Magic:  7/7        EV:  9    Int:  8    God:    Kikubaaqudgha [*.....]
Gold:   43         SH:  0    Dex: 12    Spells: 6/6 levels left

rFire   . . .      SeeInvis .    a - +0 long sword
rCold   . . .      Faith    .    (no shield)
rNeg    . . .      Spirit   .    b - +0 scale mail
rPois   .          Reflect  .    j - +0 hat
rElec   .          Harm     .    (no cloak)
rCorr   .          Rampage  .    o - +0 pair of gloves
Will    .....                    (no boots)
Stlth   ..........               (no amulet)
HPRegen 0.28/turn                (no ring)
MPRegen 0.10/turn                (no ring)

@: no status effects
A: no striking features
a: Renounce Religion, Unearth Wretches


You were on level 5 of the Dungeon.
You worshipped Kikubaaqudgha.
Kikubaaqudgha was aware of your devotion.
You visited 1 branch of the dungeon, and saw 5 of its levels.

You collected 198 gold pieces.
You spent 155 gold pieces at shops.

Inventory:

Hand Weapons
 a - a +0 long sword (weapon)
 s - a +0 shortbow
Missiles
 u - 5 poisoned darts (quivered)
Armour
 b - a +0 scale mail (worn)
 c - a +0 buckler
 j - a +0 hat (worn)
 o - a +0 pair of gloves (worn)
Magical Staves
 z - a staff of conjuration
Jewellery
 l - a ring of fire
 w - a ring of flight
Scrolls
 g - 2 scrolls of amnesia {unknown}
 h - 4 scrolls of teleportation {unknown}
 n - a scroll of magic mapping {unknown}
 p - a scroll of immolation {unknown}
 t - a scroll of fear {unknown}
 v - 2 scrolls of identify {unknown}
 x - a scroll of blinking
 y - 2 scrolls of enchant weapon {unknown}
Potions
 d - 2 potions of might
 e - 6 potions of curing
 f - 2 potions of berserk rage {unknown}
 i - a potion of brilliance {unknown}
 k - 2 potions of degeneration {unknown}
 m - 5 potions of heal wounds
 q - a potion of mutation {unknown}
 r - a potion of magic {unknown}


   Skills:
 - Level 3.0 Fighting
 + Level 7.9 Long Blades
 - Level 3.0 Armour
 - Level 3.0 Shields


You had 6 spell levels left.
You didn't know any spells.
Your spell library contained the following spells:

 Spells                   Type           Power      Damage    Failure   Level
 Kiss of Death            Conj/Necr      0%         2d5       78%         1
 Necrotise                Necr           0%         1d4       78%         1
 Sublimation of Blood     Necr           0%         N/A       89%         2
 Animate Dead             Necr           0%         N/A       100%        4
 Manifold Assault         Tloc           0%         N/A       100%        4
 Dispersal                Tloc           0%         N/A       100%        6
 Disjunction              Tloc           0%         N/A       100%        8


Dungeon Overview and Level Annotations

Branches:
Dungeon (5/15)
 Temple: D:4-7

Altars:
Hepliaklqana
Kikubaaqudgha
Makhleb
Nemelex Xobeh
Wu Jian

Shops:
D:4 *


Message History

You closely miss the ice beast.
The ice beast is heavily wounded.
The ice beast hits you. The ice beast freezes you.
* * * LOW HITPOINT WARNING * * *
You barely miss the ice beast.
The ice beast is heavily wounded.
The ice beast hits you but does no damage.
You barely miss the ice beast.
The ice beast is moderately wounded.
The ice beast barely misses you.
You closely miss the ice beast.
The ice beast is moderately wounded.
The ice beast closely misses you.
You hit the ice beast.
The ice beast is heavily wounded.
The ice beast misses you.
You barely miss the ice beast.
The ice beast is heavily wounded.
The ice beast hits you but does no damage.
You slash the ice beast!
The ice beast is almost dead.
The ice beast hits you.
* * * LOW HITPOINT WARNING * * *
The ice beast freezes you!
* * * LOW HITPOINT WARNING * * *
You barely miss the ice beast.
The ice beast is almost dead.
The ice beast hits you but does no damage.
You feel better.
The ice beast hits you but does no damage.
You barely miss the ice beast.
The ice beast is almost dead.
The ice beast barely misses you.
You hit the ice beast.
The ice beast is almost dead.
The ice beast hits you.
* * * LOW HITPOINT WARNING * * *
The ice beast freezes you!
You die...
Kikubaaqudgha rasps: "You have failed me!
Welcome... death!"

#...#.##########
###.#........#...##
#######...#...####..###.##
#.......#####..###.##
##.## #.#####...#.....#.##
##.# ###.#.......# #.#
#...#(###.## ##.#
##..<......## ##.##
####@#####.###)## #Y#
##...## .n. ##.## .....
#.# ....... #.# .........
#.. +.........+ ...
#.........# #... ....


You could see an ice beast and a necrophage.

Vanquished Creatures
  2 ogres
  2 phantoms
  A scorpion (D:5)
  3 hounds (D:4)
  3 adders
  A shadow imp (D:4)
  2 worms
  3 dart slugs
  4 bats
  8 endoplasms
  2 giant cockroaches (D:1)
  7 goblins
  9 hobgoblins
  2 jackals (D:2)
  3 kobolds
  5 quokkas
  5 ball pythons
  5 frilled lizards
  3 rats (D:1)
70 creatures vanquished.

Vanquished Creatures (others)
  11 plants (D:3)
11 creatures vanquished.

Grand Total: 81 creatures vanquished

Notes
Turn   | Place    | Note
-------+----------+-------------------------------------------
     0 | D:1      | Tocho the Human Fighter began the quest for the Orb.
     0 | D:1      | Reached XP level 1. HP: 18/18 MP: 1/1
   143 | D:1      | Reached XP level 2. HP: 16/24 MP: 2/2
   304 | D:1      | Reached skill level 3 in Long Blades
   619 | D:1      | Reached XP level 3. HP: 21/29 MP: 3/3
  1312 | D:2      | Reached skill level 4 in Long Blades
  1312 | D:2      | Reached XP level 4. HP: 30/35 MP: 4/4
  1676 | D:2      | Found a faded altar of an unknown god.
  2017 | D:2      | Prayed at the altar of an unknown god.
  2017 | D:2      | Became a worshipper of Kikubaaqudgha
  2017 | D:2      | Reached * piety under Kikubaaqudgha
  2017 | D:2      | Received a gift from Kikubaaqudgha
  2222 | D:3      | Found a sparkling altar of Nemelex Xobeh.
  2415 | D:3      | Noticed a phantom
  2436 | D:3      | Killed a phantom
  2437 | D:3      | Reached skill level 5 in Long Blades
  2437 | D:3      | Reached XP level 5. HP: 8/41 MP: 5/5
  2852 | D:3      | Found a hazy altar of Hepliaklqana.
  3084 | D:4      | Noticed an ogre
  3091 | D:4      | Killed an ogre
  3092 | D:4      | Reached skill level 6 in Long Blades
  3092 | D:4      | Reached XP level 6. HP: 8/47 MP: 6/6
  3379 | D:4      | Found Pufur's General Store.
  3384 | D:4      | Bought a potion of heal wounds for 50 gold pieces
  3384 | D:4      | Bought a scroll of blinking for 75 gold pieces
  3384 | D:4      | Bought a potion of curing for 30 gold pieces
  3430 | D:4      | Found a burning altar of Makhleb.
  3472 | D:4      | Reached XP level 7. HP: 19/52 MP: 7/7
  3627 | D:4      | Reached skill level 7 in Long Blades
  4048 | D:4      | Found an ornate altar of the Wu Jian Council.
  4310 | D:5      | Entered Level 5 of the Dungeon
  4595 | D:5      | Slain by an ice beast

Illustrated notes

Levels and vault maps discovered:
D:1:      scummos_arrival_star, layout_basic
D:2:      layout_loops_cross, hellmonk_ecumenical_altar_crossroads
D:3:      layout_basic, old_standard_altar, nzn_hepliaklqana_mist_gate,
          serial_bayou, serial_bayou_shore_a, serial_bayou_pond_a,
          serial_bayou_lake_a, serial_bayou_ford_a, serial_bayou_pond_e,
          minmay_misc_feat_doors
D:4:      layout_rooms, makhleb_heckhound_becter,
          nicolae_wu_jian_immortal_techniques, serial_shops,
          kennysheep_mini_moat, hex_large
D:5:      layout_loops_corners, gammafunk_ghost_abyssal_escape, uniq_sigmund,
          uniq_grinder, uniq_ijyb, uniq_menkaure

Skill      XL: |  1  2  3  4  5  6  7 |
---------------+----------------------+-----
Long Blades    | 3 4 5 6 7 |  7.9
Fighting       | |  3.0
Armour         | |  3.0
Shields        | |  3.0

Action                   |  1- 3 |  4- 6 |  7- 9 || total
-------------------------+-------+-------+-------++-------
Melee: Long sword        |   109 |   177 |    58 ||   344
       Punch             |     1 |       |       ||     1
  Use: Potion            |       |       |     1 ||     1
Armor: Scale mail        |    61 |    70 |    26 ||   157
Dodge: Dodged            |    57 |    79 |    17 ||   153

Table legend: (Time is in decaauts)
 A = Elapsed time spent in this place.
 B = Non-inter-level travel time spent in this place.
 C = Inter-level travel time spent in this place.
 D = Time resting spent in this place.
 E = Time spent auto-exploring this place.
 F = Levels seen in this place.
 G = Mean time per level.
                   A        B        C        D        E       F      G
               +--------+--------+--------+--------+--------+-----+--------+
         Total |   4677 |   4346 |    331 |    452 |   3210 |   5 |  935.4 |
       Dungeon |   4677 |   4346 |    331 |    452 |   3210 |   5 |  935.4 |
               +--------+--------+--------+--------+--------+-----+--------+

Top non-repeatable levels by time:
     D:4: 1231 daAuts
     D:1: 1080 daAuts
     D:3: 1072 daAuts
     D:2: 1007 daAuts
     D:5: 285 daAuts
